 Dungeon Crawl Stone Soup version 0.22.1-2-g9c5b331 (webtiles) character file.

19899 diana the Fighter (level 12, -2/97 HPs)
             Began as an Octopode Gladiator on Nov 27, 2018.
             Was an Initiate of Ru.
             Slain by a yak (13 damage)
             ... on level 12 of the Dungeon.
             The game lasted 00:37:41 (19559 turns).

diana the Fighter (Octopode Gladiator)             Turns: 19559, Time: 00:37:41

Health: -2/97      AC:  7    Str: 19    XL:     12   Next: 73%
Magic:  12/12      EV: 13    Int: 11    God:    Ru [......]
Gold:   922        SH:  4    Dex: 12    Spells: 11/11 levels left

rFire    x . .     SeeInvis +   u - +4 falchion
rCold    + . .     Gourm    .   w - +1 buckler
rNeg     + . .     Faith    .   b - +0 hat
rPois    +         Spirit   .   o - amulet of magic regeneration
rElec    +         Reflect  .   k - ring of see invisible
rCorr    .         Harm     .   D - ring of positive energy
MR       .....                  E - ring of flight
Stlth    +++.......             I - +6 ring of protection
HPRegen  0.26/turn              T - ring of stealth
MPRegen  0.38/turn              O - ring of ice
                                (no ring)
                                (no ring)

@: slowed, very slow
A: almost no armour, stealthy swim, amphibious, 8 rings, constrict 8, antennae
1, tentacle spike 1, camouflage 1, clumsy 1, poison resistance, electricity
resistance, strong 1, gelatinous body 1
a: Renounce Religion, Evoke Flight


You were on level 12 of the Dungeon.
You worshipped Ru.
Ru was noncommittal.
You were hungry.

You visited 2 branches of the dungeon, and saw 13 of its levels.
You visited the Abyss 1 time.
You also visited: Ossuary and Bailey.

You collected 922 gold pieces.

Inventory:

Hand Weapons
 a - a +0 long sword
 u - a +4 falchion (weapon)
 R - a +0 great sword
Missiles
 c - a throwing net (quivered)
 N - 49 tomahawks of returning
Armour
 b - a +0 hat (worn)
 w - a +1 buckler (worn)
Jewellery
 k - a ring of see invisible (left tentacle)
 o - an amulet of magic regeneration (around mantle)
 D - a ring of positive energy (right tentacle)
 E - a ring of flight (on tentacle)
 I - a +6 ring of protection (on tentacle)
 O - a ring of ice (on tentacle)
 T - a ring of stealth (on tentacle)
Wands
 m - a wand of enslavement (17)
 p - a wand of paralysis (10)
 F - a wand of flame (18)
 G - a wand of disintegration (11)
 L - a wand of digging (17)
 P - a wand of clouds (5)
 S - a wand of iceblast (23)
 U - a wand of polymorph (14)
Scrolls
 h - 10 scrolls of remove curse
 i - 3 scrolls of immolation
 j - 6 scrolls of teleportation
 l - 3 scrolls of blinking
 n - 3 scrolls of enchant weapon
 q - 4 scrolls of fear
 v - a scroll of magic mapping
 x - a scroll of amnesia
 y - 5 scrolls of enchant armour
 A - 3 scrolls of fog
 X - a scroll of torment {unknown}
Potions
 e - a potion of agility {unknown}
 f - 3 potions of lignification
 g - 6 potions of curing
 r - a potion of cancellation {unknown}
 s - 3 potions of magic {unknown}
 t - a potion of might
 z - 3 potions of haste {unknown}
 B - 2 potions of brilliance {unknown}
 C - 4 potions of degeneration {unknown}
 H - a potion of resistance {unknown}
 J - 3 potions of invisibility {unknown}
 M - a potion of heal wounds {unknown}
 Q - 4 potions of flight
 V - a potion of berserk rage {unknown}
Comestibles
 d - 22 rations
 K - 2 chunks of flesh


   Skills:
 - Level 14.5 Fighting
 - Level 14.0 Long Blades
 - Level 2.0 Throwing
 + Level 3.3 Dodging
 + Level 1.1 Shields


You had 11 spell levels left.
You didn't know any spells.
Your spell library contained the following spells:

 Spells                   Type           Power        Failure   Level  Hunger
 Poisonous Vapours        Pois/Air       #.....       61%         2    ###....
 Conjure Flame            Conj/Fire      #.......     83%         3    ####...
 Ignite Poison            Fire/Tmut/Pois #.......     83%         3    ####...
 Mephitic Cloud           Conj/Pois/Air  #.......     83%         3    ####...
 Fireball                 Conj/Fire      #.........   100%        5    ######.
 Bolt of Fire             Conj/Fire      #.........   100%        6    #######
 Freezing Cloud           Conj/Ice/Air   #.........   100%        6    #######
 Ring of Flames           Chrm/Fire      #.........   100%        7    #######
 Ignition                 Fire           #.........   100%        8    #######


Dungeon Overview and Level Annotations

Branches:
Dungeon (12/15)            Temple (1/1) D:6            Lair (0/6) D:11
    Orc (0/2) D:11

Altars:
Ashenzari
Cheibriados
Dithmenos
Elyvilon
Fedhas
Gozag
Hepliaklqana
Kikubaaqudgha
Makhleb
Nemelex Xobeh
Okawaru
Qazlal
Ru
Sif Muna
Trog
Uskayaw
Vehumet
Wu Jian
Xom
Yredelemnul
Zin
The Shining One


Innate Abilities, Weirdness & Mutations

You cannot wear most types of armour.
You are very stealthy in the water. (Stealth+)
You are amphibious.
You can wear up to eight rings at the same time.
You can use your tentacles to constrict eight enemies at once.
Your skin changes colour to match your surroundings (Stealth+).
Your rubbery body absorbs attacks. (AC +1, EV +1)
You have a pair of small antennae on your head.
One of your tentacles bears a spike.
You are clumsy. (Dex -2)
Your system is resistant to poisons. (rPois)
You are resistant to electric shocks. (rElec)
Your muscles are strong. (Str +2)


Message History

Unknown command.
The white imp shouts, "Scamper home, thou villainous toad-spotted cross-patch!"
You slash the yak!
You pierce the yak.
The yak is severely wounded.
A white imp comes into view.
The yak gores you!
You barely miss the yak.
The yak is severely wounded.
The yak gores you!
* * * LOW HITPOINT WARNING * * *
A white imp comes into view.
You barely miss the yak.
The yak is severely wounded.
The yak gores you!
* * * LOW HITPOINT WARNING * * *
Unknown command.
The yak barely misses you.
A white imp comes into view. x2
The yak gores you!
You die...

###.# #.# #.#
********,*,*
#...###.# #.#
##..,,,,,,,,**
........# #)#
#...,,,,,,,,,**
#.####### #.#
#..#****,,,,,,, #.#
#.# #..# *,,,,,,**
#.# #.# #..#
**,,,.*,* ..# #.#
#.!# *,,...,,* ###
#.####..###..#.#*,*
#..@.Y55.†5...>#*,*
####Y#5>####.###*,*
#.#..5..,,,,,,,* ***
#.##.####,,,,,,*
**,*****#######.##.#
*,,∩,,,*
*,,,,,,,........##.#
*,,,,,** *
**,*****##########.#
*,,,,,* * *,* #.#
*,***** * *,* *,*
*,*


You could see 2 yaks and 5 white imps.

Vanquished Creatures
  Gastronok (D:10)
  Snorg (D:10)
  Erolcha (D:11)
  A two-headed ogre (D:10)
  A death knight (D:11)
  Urug (D:11)
  Sonja (D:11)
  An unseen horror (D:11)
  Pikel (D:7)
  2 oklob plants (D:11)
  An ugly thing (D:11)
  A manticore (D:11)
  2 centaur zombies
  A gargoyle (D:11)
  A kobold demonologist (D:11)
  2 trolls
  Grinder (D:4)
  Prince Ribbit (D:5)
  3 hippogriffs
  2 wraiths
  A shadow (D:11)
  A vampire (D:11)
  A human (D:9)
  Eustachio (D:4)
  A wyvern (D:9)
  3 hogs (D:9)
  13 yaks
  A hungry ghost (D:8)
  Grum (D:8)
  Duvessa (D:4)
  A water moccasin (D:10)
  A sky beast (D:8)
  10 orc warriors
  2 eyes of draining
  3 phantoms
  10 ogres
  3 slaves
  4 wolves (D:8)
  2 necrophages
  2 centaurs
  A crocodile (D:11)
  2 big kobolds (D:11)
  3 bullfrogs
  A gnoll sergeant (D:11)
  4 scorpions
  Dowan (D:4)
  4 wights (D:8)
  2 crimson imps
  5 howler monkeys
  A bullfrog zombie (D:4)
  4 jellies
  6 hounds
  8 orc priests
  7 orc wizards
  3 centaur skeletons
  A gnoll shaman (D:3)
  4 iguanas
  Ijyb (D:5)
  6 worker ants
  2 killer bee zombies
  A hound skeleton (D:4)
  14 mummies
  7 gnolls
  9 adders
  A howler monkey skeleton (D:6)
  7 white imps (D:12)
  A worm (D:5)
  A dart slug (D:2)
  3 leopard geckos
  39 orcs
  3 giant cockroaches
  17 goblins
  12 hobgoblins
  12 jackals
  5 quokkas
  4 bats
  7 frilled lizards
  2 gnoll skeletons (Ossuary)
  A goblin skeleton (Ossuary)
  2 jackal zombies
  26 kobolds
  2 kobold skeletons (Ossuary)
  3 orc skeletons (Ossuary)
  A quokka skeleton (D:5)
  12 rats
  11 rat skeletons (Ossuary)
  A spectral orc (D:6)
358 creatures vanquished.

Vanquished Creatures (others)
  An adder (D:5)
  2 plants (D:11)
3 creatures vanquished.

Grand Total: 361 creatures vanquished

Notes
Turn   | Place    | Note
-------+----------+-------------------------------------------
     0 | D:1      | diana the Octopode Gladiator began the quest for the Orb.
     0 | D:1      | Reached XP level 1. HP: 14/14 MP: 1/1
    49 | D:1      | Reached XP level 2. HP: 8/19 MP: 2/2
   534 | D:1      | Reached XP level 3. HP: 17/24 MP: 3/3
   819 | D:2      | Found a hide-covered altar of Uskayaw.
  1032 | D:2      | Reached XP level 4. HP: 24/29 MP: 4/4
  1349 | D:2      | Reached skill level 5 in Long Blades
  1450 | D:2      | Found a sparkling altar of Nemelex Xobeh.
  2536 | D:4      | Reached XP level 5. HP: 30/34 MP: 5/5
  2996 | D:4      | Noticed Eustachio
  2998 | D:4      | Noticed Duvessa
  2998 | D:4      | Noticed Dowan
  3158 | D:4      | Reached XP level 6. HP: 39/39 MP: 6/6
  3271 | D:4      | Noticed Grinder
  3481 | D:4      | Killed Eustachio
  3481 | D:4      | Reached XP level 7. HP: 41/45 MP: 7/7
  3506 | D:4      | Killed Grinder
  3742 | D:5      | Entered Level 5 of the Dungeon
  3864 | D:5      | Found a sand-covered staircase.
  4005 | Ossuary  | Entered an ossuary
  4806 | Ossuary  | Reached XP level 8. HP: 48/50 MP: 8/8
  6267 | D:4      | Found a blossoming altar of Fedhas.
  6288 | D:4      | Reached skill level 10 in Long Blades
  6723 | D:4      | Killed Dowan
  6952 | D:4      | Killed Duvessa
  7375 | D:5      | Noticed Prince Ribbit
  7819 | D:5      | Noticed Ijyb
  7847 | D:5      | Killed Ijyb
  8406 | D:5      | Killed Prince Ribbit
  8406 | D:5      | Reached XP level 9. HP: 36/54 MP: 9/9
  9083 | D:6      | Found a bloodstained altar of Trog.
  9098 | D:6      | Found a staircase to the Ecumenical Temple.
  9107 | Temple   | Entered the Ecumenical Temple
  9280 | D:6      | Found a basalt altar of Yredelemnul.
 10519 | D:7      | Noticed Pikel
 11070 | D:7      | Killed Pikel
 11070 | D:7      | Reached skill level 5 in Fighting
 11123 | D:7      | Reached XP level 10. HP: 54/68 MP: 10/10
 11513 | D:7      | Found a glowing golden altar of the Shining One.
 11798 | D:8      | Gained mutation: You are dopey. (Int -2) [potion of
                  | mutation]
 11798 | D:8      | Gained mutation: Your flesh is heat resistant. (rF+)
                  | [potion of mutation]
 11799 | D:8      | Lost mutation: Your flesh is heat resistant. (rF+) [potion
                  | of mutation]
 11799 | D:8      | Lost mutation: You are dopey. (Int -2) [potion of mutation]
 11799 | D:8      | Gained mutation: You passively map a small area around you.
                  | [potion of mutation]
 11799 | D:8      | Gained mutation: You are frail. (-10% HP) [potion of
                  | mutation]
 11799 | D:8      | Gained mutation: Your flesh is heat resistant. (rF+)
                  | [potion of mutation]
 11799 | D:8      | Gained mutation: You are resistant to electric shocks.
                  | (rElec) [potion of mutation]
 11800 | D:8      | Lost mutation: You are frail. (-10% HP) [potion of
                  | mutation]
 11800 | D:8      | Lost mutation: You passively map a small area around you.
                  | [potion of mutation]
 11800 | D:8      | Lost mutation: Your flesh is heat resistant. (rF+) [potion
                  | of mutation]
 11800 | D:8      | Gained mutation: You are dopey. (Int -2) [potion of
                  | mutation]
 11800 | D:8      | Gained mutation: Your system is resistant to poisons.
                  | (rPois) [potion of mutation]
 11800 | D:8      | Gained mutation: Your spells are a little harder to cast,
                  | but a little more powerful. [potion of mutation]
 11800 | D:8      | Gained mutation: One of your tentacles bears a spike.
                  | [potion of mutation]
 11801 | D:8      | Lost mutation: Your spells are a little harder to cast, but
                  | a little more powerful. [potion of mutation]
 11801 | D:8      | Lost mutation: You are dopey. (Int -2) [potion of mutation]
 11801 | D:8      | Gained mutation: You are resistant to hostile enchantments.
                  | (MR+) [potion of mutation]
 11801 | D:8      | Gained mutation: You are clumsy. (Dex -2) [potion of
                  | mutation]
 11801 | D:8      | Gained mutation: You expend magic power (3 MP) to
                  | strengthen your wands. [potion of mutation]
 11802 | D:8      | Lost mutation: You are resistant to hostile enchantments.
                  | (MR+) [potion of mutation]
 11802 | D:8      | Lost mutation: You expend magic power (3 MP) to strengthen
                  | your wands. [potion of mutation]
 11802 | D:8      | Gained mutation: Your muscles are strong. (Str +2) [potion
                  | of mutation]
 11802 | D:8      | Gained mutation: Your spells are a little easier to cast,
                  | but a little less powerful. [potion of mutation]
 11802 | D:8      | Lost mutation: Your spells are a little easier to cast, but
                  | a little less powerful. [potion of mutation]
 11802 | D:8      | Gained mutation: You have a pair of small antennae on your
                  | head. [potion of mutation]
 11946 | D:8      | Found a flagged portal.
 11965 | Bailey   | Entered a bailey
 12860 | D:8      | Noticed Grum
 12867 | D:8      | Killed Grum
 13399 | D:8      | Found a shattered altar of Ashenzari.
 14073 | D:9      | Found a hazy altar of Hepliaklqana.
 14386 | D:9      | Found a radiant altar of Vehumet.
 14657 | D:9      | Reached XP level 11. HP: 63/80 MP: 11/11
 14682 | D:9      | Found a shadowy altar of Dithmenos.
 14889 | D:9      | Found a sacrificial altar of Ru.
 14897 | D:9      | Became a worshipper of Ru the Awakened
 15098 | D:10     | Entered Level 10 of the Dungeon
 15100 | D:10     | Noticed Snorg
 15109 | D:10     | Killed Snorg
 15109 | D:10     | Reached skill level 10 in Fighting
 15347 | D:10     | Noticed Gastronok
 15379 | D:10     | Killed Gastronok
 15967 | D:10     | Noticed a two-headed ogre
 15978 | D:10     | Killed a two-headed ogre
 16547 | D:11     | Noticed Erolcha
 16557 | D:11     | Killed Erolcha
 16557 | D:11     | Noticed an unseen horror
 16568 | D:11     | Killed an unseen horror
 16608 | D:11     | Reached XP level 12. HP: 87/92 MP: 12/12
 16623 | D:11     | Noticed a death knight
 16645 | D:11     | Killed a death knight
 16655 | D:11     | Found a staircase to the Orcish Mines.
 17586 | D:11     | Noticed Urug
 17604 | D:11     | Killed Urug
 17815 | D:11     | Noticed Sonja
 17826 | D:11     | Found a staircase to the Lair.
 17853 | D:11     | Cast into level 2 of the Abyss (Sonja)
 17865 | D:11     | Escaped the Abyss
 17866 | D:11     | Killed Sonja
 19550 | D:12     | Reached skill level 1 in Shields
 19559 | D:12     | Slain by a yak

Skill      XL: |  1  2  3  4  5  6  7  8  9 10 11 12 |
---------------+-------------------------------------+-----
Long Blades    | 4 5 6 7 9 11 12 13 14 | 14.0
Fighting       | 6 9 12 14 | 14.5
Shields        | 1 |  1.1
Throwing       | |  2.0
Dodging        | |  3.3

Action                   |  1- 3 |  4- 6 |  7- 9 | 10-12 || total
-------------------------+-------+-------+-------+-------++-------
Melee: Long sword        |    62 |    85 |       |       ||   147
       Constrict         |    18 |    33 |    72 |    99 ||   222
       Tentacles         |    12 |    31 |    88 |   172 ||   303
       Falchion          |       |     6 |   328 |   581 ||   915
       Kick              |       |       |       |   277 ||   277
Throw: Throwing net      |       |       |     4 |     3 ||     7
       Tomahawk          |       |       |       |     2 ||     2
Invok: Reject Sacrifices |       |       |       |     1 ||     1
Evoke: Wand              |       |       |       |     1 ||     1
  Use: Scroll            |       |     3 |     4 |    12 ||    19
       Potion            |       |       |     2 |     7 ||     9
 Stab: Sleeping          |     4 |     5 |     9 |    15 ||    33
       Held in net/web   |       |       |     1 |     1 ||     2
       Distracted        |       |       |     1 |     4 ||     5
  Eat: Chunk             |       |     3 |     8 |    21 ||    32
       Ration            |       |     1 |     5 |     2 ||     8
Armor: Skin              |     7 |     4 |    38 |    65 ||   114
Dodge: Dodged            |    49 |    65 |   110 |   214 ||   438
Block: Buckler           |       |       |    30 |    64 ||    94
       Rpst.: Long sword |    20 |    17 |       |       ||    37
       Falchion          |       |     1 |    39 |    57 ||    97
